 Dungeon Crawl Stone Soup version 0.26.1-11-gd32895ea62 (webtiles) character file.

Game seed: 13571189419595416345

42 Zeld the Digger (level 3, 0/25 HPs)
             Began as a Gnoll Earth Elementalist on June 12, 2021.
             Succumbed to an adder's poison
             ... on level 1 of the Dungeon.
             The game lasted 00:01:16 (1422 turns).

Zeld the Digger (Gnoll Earth Elementalist)          Turns: 1422, Time: 00:01:17

Health: 0/25       AC:  2    Str: 10    XL:     3   Next: 54%
Magic:  4/9        EV: 14    Int: 18    God:
Gold:   80         SH:  0    Dex: 15    Spells: 6/12 levels left

rFire    . . .     SeeInvis .   (no weapon)
rCold    . . .     Faith    .   (no shield)
rNeg     . . .     Spirit   .   c - +0 robe
rPois    .         Reflect  .   (no helmet)
rElec    .         Harm     .   (no cloak)
rCorr    .         Rampage  .   (no gloves)
Will     .....                  (no boots)
Stlth    +++.......             (no amulet)
HPRegen  0.08/turn              (no ring)
MPRegen  0.11/turn              (no ring)

@: lethally poisoned (0 -> -10)
A: distributed training, fangs 1, strong nose
a: no special abilities


You were on level 1 of the Dungeon.
You visited 1 branch of the dungeon, and saw 2 of its levels.

You collected 80 gold pieces.

Inventory:

Missiles
 b - 14 stones (quivered)
Armour
 c - a +0 robe (worn)
Jewellery
 g - an uncursed ring of stealth {unknown}
Scrolls
 a - a scroll of identify {unknown}
 e - a scroll of immolation {unknown}
 f - a scroll of remove curse {unknown}
Potions
 d - a potion of mutation {unknown}


   Skills:
 + Level 0.8 Fighting
 + Level 0.8 Short Blades
 + Level 0.8 Long Blades
 + Level 0.8 Axes
 + Level 0.8 Maces & Flails
 + Level 0.8 Polearms
 + Level 0.8 Staves
 + Level 0.8 Slings
 + Level 0.8 Bows
 + Level 0.8 Crossbows
 + Level 0.8 Throwing
 + Level 0.8 Armour
 + Level 4.5 Dodging
 + Level 4.1 Stealth
 + Level 0.8 Shields
 + Level 0.8 Unarmed Combat
 + Level 5.0 Spellcasting
 + Level 0.5 Conjurations
 + Level 0.5 Hexes
 + Level 0.5 Summonings
 + Level 0.5 Necromancy
 + Level 0.5 Translocations
 + Level 2.1 Transmutations
 + Level 0.5 Fire Magic
 + Level 0.5 Ice Magic
 + Level 0.5 Air Magic
 + Level 5.4 Earth Magic
 + Level 0.5 Poison Magic
 + Level 1.0 Invocations
 + Level 0.8 Evocations


You had 6 spell levels left.
You knew the following spells:

 Your Spells              Type           Power        Failure   Level
a - Sandblast             Erth           48%          1%          1
b - Passwall              Tmut/Erth      15%          4%          2
c - Stone Arrow           Conj/Erth      30%          12%         3

Your spell library contained the following spells:

 Spells                   Type           Power        Failure   Level
 Petrify                  Tmut/Erth      18%          28%         4
 Lee's Rapid Deconstruct  Erth           12%          36%         5


Dungeon Overview and Level Annotations

Branches:
Dungeon (2/15)

Altars:


Innate Abilities, Weirdness & Mutations

Your experience applies equally to all skills.
You have very sharp teeth.
Your uncanny sense of smell can sniff out nearby items.


Message History

Unknown command.
Casting: Sandblast (safe; 1% risk of failure)
Confirm with . or Enter, or press ? or * to list all spells.
Aiming: Sandblast (safe; 1% risk of failure)
Press: ? - help, Shift-Dir - straight line, f/p - jackal
Aim: a jackal (almost dead, 24% to evade)
The blast of sand hits the jackal!!
You kill the jackal!
b - 15 stones
* * * LOW HITPOINT WARNING * * *
You feel sick.
Casting: Sandblast (safe; 1% risk of failure)
Confirm with . or Enter, or press ? or * to list all spells.
Aiming: Sandblast (safe; 1% risk of failure)
Press: ? - help, Shift-Dir - straight line, f - rat
Aim: a rat (19% to evade)
The blast of sand hits the rat!
You kill the rat!
b - 14 stones You die...

#.# ############ ##.#
#..........# ...#
#.########.#
##############.#...÷..#.#
...................>#.#.#
###.##########.#.##.#.#.#
##..# #.#.##.#.#.# ....##
######.#†##.#.#.# .....#
#......#@.#...#.#
#....####......#.######.#
###.....................#
..###.###......#.########
###............#.......#
#..............#....##.#
..###..........#....#..#
###............#....#.##
#..............#....#.######


There were no monsters in sight!

Vanquished Creatures
  2 adders
  A giant cockroach (D:1)
  2 goblins (D:1)
  A hobgoblin (D:2)
  5 jackals
  A quokka (D:2)
  5 bats
  3 frilled lizards
  A kobold (D:1)
  5 rats (D:1)
26 creatures vanquished.

Notes
Turn   | Place    | Note
-------+----------+-------------------------------------------
     0 | D:1      | Zeld the Gnoll Earth Elementalist began the quest for the
                  | Orb.
     0 | D:1      | Reached XP level 1. HP: 13/13 MP: 6/6
   343 | D:1      | Reached XP level 2. HP: 19/19 MP: 5/7
   629 | D:1      | Learned a level 2 spell: Passwall
  1122 | D:2      | Reached XP level 3. HP: 25/25 MP: 7/9
  1125 | D:2      | Reached skill level 5 in Spellcasting
  1207 | D:1      | Learned a level 3 spell: Stone Arrow
  1420 | D:1      | Reached skill level 1 in Invocations
  1421 | D:1      | HP: 1/25 [poisoned by an adder]
  1422 | D:1      | Succumbed to an adder's poison

Illustrated notes

Levels and vault maps discovered:
D:1:      saegor_arrival_simple_e, layout_basic, corner_web_ring, minmay_unequal
D:2:      layout_rooms, kennysheep_okawaru_gauntlet

Skill      XL: |  1  2  3 |
---------------+----------+-----
Transmutations | 2 |  2.1
Spellcasting   | 5 |  5.0
Invocations    | 1 |  1.0
Fighting       | |  0.8
Short Blades   | |  0.8
Long Blades    | |  0.8
Axes           | |  0.8
Maces & Flails | |  0.8
Polearms       | |  0.8
Staves         | |  0.8
Slings         | |  0.8
Bows           | |  0.8
Crossbows      | |  0.8
Throwing       | |  0.8
Armour         | |  0.8
Dodging        | |  4.5
Stealth        | |  4.1
Shields        | |  0.8
Unarmed Combat | |  0.8
Conjurations   | |  0.5
Hexes          | |  0.5
Summonings     | |  0.5
Necromancy     | |  0.5
Translocations | |  0.5
Fire Magic     | |  0.5
Ice Magic      | |  0.5
Air Magic      | |  0.5
Earth Magic    | |  5.4
Poison Magic   | |  0.5
Evocations     | |  0.8

Action                   || total
-------------------------++-------
Melee: Unarmed           ||     1
 Cast: Sandblast         ||    32
 Stab: Sleeping          ||     1
Armor: Robe              ||     2
Dodge: Dodged            ||    16
